 Dungeon Crawl Stone Soup version 0.21-a0-634-gaf8bc5d (webtiles) character file.

10 Amnesiac the Skirmisher (level 2, 0/26 HPs)
             Began as a Hill Orc Wanderer on Dec 30, 2017.
             Slain by a goblin
             ... wielding a +0 dagger
              (2 damage)
             ... on level 1 of the Dungeon.
             The game lasted 00:00:46 (142 turns).

Amnesiac the Skirmisher (Hill Orc Wanderer)          Turns: 142, Time: 00:00:47

Health: 0/26       AC:  2    Str: 16    XL:     2   Next: 20%
Magic:  2/2        EV: 11    Int:  9    God:
Gold:   26         SH:  0    Dex: 11    Spells: 1/1 levels left

rFire    . . .     SeeInvis .   a - +2 quarterstaff
rCold    . . .     Gourm    .   (shield currently unavailable)
rNeg     . . .     Faith    .   d - +0 robe
rPois    .         Spirit   .   (no helmet)
rElec    .         Reflect  .   (no cloak)
rCorr    .         Harm     .   (no gloves)
MR       .....                  (no boots)
Stlth    +.........             (no amulet)
HPRegen  0.08/turn              (no ring)
MPRegen  0.08/turn              (no ring)

@: no status effects
A: no striking features
a: no special abilities


You were on level 1 of the Dungeon.
You were not hungry.

You visited 1 branch of the dungeon, and saw 1 of its levels.

You collected 26 gold pieces.

Inventory:

Hand Weapons
 a - a +2 quarterstaff (weapon)
Armour
 d - a +0 robe (worn)
Scrolls
 c - a scroll of blinking {!r, unknown}
Potions
 b - a potion of curing {!q}
 e - a potion of berserk rage {!q, unknown}
Comestibles
 f - a ration


   Skills:
 + Level 3.4 Fighting
   Level 2.1(3.1) Maces & Flails
 - Level 2.6(3.0) Staves
 - Level 1.2 Armour
   Level 1.1 Shields
   Level 1.0 Evocations


You had one spell level left.
You didn't know any spells.

Dungeon Overview and Level Annotations

Branches:
Dungeon (1/15)

Altars:


Message History

The jackal misses you.
A giant cockroach comes into view.
You hit the jackal.
You kill the jackal!
The jackal barely misses you.
A goblin comes into view. It is wielding a dagger.
The jackal closely misses you. The jackal bites you.
There is an open door here.
You barely miss the jackal. The jackal bites you. x2
You hit the jackal but do no damage. The jackal barely misses you. x2
You hit the jackal.
You kill the jackal!
You closely miss the jackal. The jackal bites you.
The jackal closely misses you.
You barely miss the jackal. The jackal bites you.
You thump the jackal!
You kill the jackal!
Your Fighting skill increases to level 3!
You hit the jackal.
You kill the jackal!
You have reached level 2!
You hit the giant cockroach.
The giant cockroach is moderately wounded.
The giant cockroach bites you but does no damage. x2
You sock the giant cockroach!
You kill the giant cockroach!
You closely miss the leopard gecko.
The leopard gecko bites you but does no damage.
The leopard gecko bites you.
* * * LOW HITPOINT WARNING * * *
You miss the leopard gecko. The leopard gecko barely misses you.
You hit the leopard gecko but do no damage.
The leopard gecko barely misses you.
You hit the leopard gecko.
The leopard gecko is almost dead.
The leopard gecko bites you.
* * * LOW HITPOINT WARNING * * *
The leopard gecko closely misses you.
You barely miss the leopard gecko.
The leopard gecko is almost dead.
The leopard gecko bites you.
* * * LOW HITPOINT WARNING * * *
You are too injured to fight recklessly!
You barely miss the leopard gecko.
The leopard gecko is almost dead.
The leopard gecko bites you.
* * * LOW HITPOINT WARNING * * *
You are too injured to fight recklessly!
You completely miss the leopard gecko.
The leopard gecko is almost dead.
The leopard gecko bites you but does no damage.
The leopard gecko barely misses you.
Unknown command.
You closely miss the leopard gecko.
The leopard gecko is almost dead.
The leopard gecko bites you.
* * * LOW HITPOINT WARNING * * *
Unknown command.
You hit the leopard gecko.
You kill the leopard gecko!
Unknown command.
The goblin hits you with a dagger.
You die...

#.# ##### #.#
######.#####
............#
....#######.# .. ### #.#
##.# #.# ##..######.#
#.#..##...#...@g.#
#.#..#....#.####.#
#.#..#.8..#.# #.#
#.#..#....#.# #.#
#.#..##...#.# #.#
#.#...##..#.# #.#
#.#....#..#.# #.#
#.'.<..'..#.####'#######
###....#..#.#..........#


You could see a goblin.

Vanquished Creatures
  A leopard gecko (D:1)
  A giant cockroach (D:1)
  A hobgoblin (D:1)
  4 jackals (D:1)
7 creatures vanquished.

Notes
Turn   | Place    | Note
-------+----------+-------------------------------------------
     0 | D:1      | Amnesiac the Hill Orc Wanderer began the quest for the Orb.
     0 | D:1      | Amnesiac set off with: a +2 quarterstaff, a potion of curing {!q}, a +0 mace, a +0 robe, a ration
     0 | D:1      | Reached XP level 1. HP: 18/18 MP: 1/1
   116 | D:1      | Reached skill level 3 in Fighting
   117 | D:1      | Reached XP level 2. HP: 17/26 MP: 2/2
   127 | D:1      | HP: 1/26 [leopard gecko (3)]
   142 | D:1      | Slain by a goblin

Vault maps used:
D:1:      giann_horns, minmay_misc_feat_secret_circle

Skill      XL: |  1 |
---------------+----+-----
Fighting       | 3 |  3.4
Maces & Flails | |  2.1
Staves         | |  2.6
Armour         | |  1.2
Shields        | |  1.1
Evocations     | |  1.0

Action                   || total
-------------------------++-------
Melee: Quarterstaff      ||    22
Armor: Robe              ||     4
Dodge: Dodged            ||    12

Table legend:
 A = Spawn XP
 B = Non-spawn XP
 C = Spawn XP percentage of total XP
 D = Spawn monster count
 E = Non-spawn monster count
 F = Spawn count percentage of total count
 G = Total turns spent on level
                    A         B        C        D         E        F      G
               +---------+---------+-------+---------+---------+-------+---------
         Total |       0 |      15 |   0.0 |       0 |       7 |   0.0 |   142
               +---------+---------+-------+---------+---------+-------+---------
           D:1 |       0 |      15 |   0.0 |       0 |       7 |   0.0 |   142
               +---------+---------+-------+---------+---------+-------+---------
